 Dungeon Crawl Stone Soup version 0.19.1 (webtiles) character file.

25879 tognito the Severer (level 12, -15/177 HPs)
             Began as a Minotaur Berserker on Dec 12, 2016.
             Was the Champion of Trog.
             Demolished by Snorg (16 damage)
             ... on level 13 of the Dungeon.
             The game lasted 00:35:20 (13687 turns).

tognito the Severer (Minotaur Berserker)           Turns: 13687, Time: 00:35:22

Health: -15/177    AC: 22    Str: 37    XL:     12   Next: 93%
Magic:  3/3        EV: 14    Int:  4    God:    Trog [******]
Gold:   971        SH:  0    Dex:  9    Spells: 0 memorised, 11 levels left

rFire  . . .     SeeInvis .     a - +3 executioner's axe (antimagic)
rCold  . . .     Gourm    +     D - +5 chain mail "Meclocoo" {+Fly MR++}
rNeg   . . .     Faith    .     (shield currently unavailable)
rPois  +         Spirit   .     (helmet unavailable)
rElec  .         Reflect  .     m - +0 cloak
rCorr  .         Harm     .     (no gloves)
MR     ++...                    (no boots)
Stlth  ..........               F - amulet of the gourmand
                                A - +4 ring of strength
                                k - ring of poison resistance

@: berserking, very quick
A: retaliatory headbutt, horns 3, slimy green scales 1, yellow scales 1
a: Berserk, Trog's Hand, Brothers in Arms, Burn Spellbooks, Renounce Religion,
Evoke Flight


You were on level 13 of the Dungeon.
You worshipped Trog.
Trog was exalted by your worship.
You were not hungry.

You visited 1 branch of the dungeon, and saw 13 of its levels.

You collected 971 gold pieces.

Inventory:

Hand Weapons
 a - a +3 antimagic executioner's axe (weapon)
 K - a +1 lajatang of venom
Missiles
 o - 62 bolts
Armour
 e - the +1 plate armour of Dim Light {Regen+ Str-3 Int+4 Dex+4}
   (You found it on level 9 of the Dungeon)

   It affects your strength (-3).
   It affects your intelligence (+4).
   It affects your dexterity (+4).
   It increases your rate of regeneration.
 m - a +0 cloak (worn)
 C - a +0 plate armour
 D - the +5 chain mail "Meclocoo" (worn) {+Fly MR++}
   (You found it on level 9 of the Dungeon)

   It affects your resistance to hostile enchantments.
   It lets you fly.
Rods
 b - a +2 lightning rod (14/14)
   (You found it on level 5 of the Dungeon)
Jewellery
 k - a ring of poison resistance (left hand)
 v - an uncursed ring of see invisible
 A - a +4 ring of strength (right hand)
 F - an amulet of the gourmand (around neck)
Wands
 l - a wand of flame (19/48)
 n - a wand of flame (38/48)
 p - a wand of lightning (7/15)
 q - a wand of flame (20/48)
 H - a wand of digging (14/24)
 I - a wand of lightning (4/15)
Scrolls
 d - 2 scrolls of holy word
 g - 12 scrolls of remove curse
 h - 2 scrolls of enchant armour
 j - 2 scrolls of enchant weapon
 r - 5 scrolls of fear
 u - 7 scrolls of identify
 w - 3 scrolls of teleportation
 G - a scroll of fog {unknown}
Potions
 i - 2 potions of curing
 x - 2 potions of haste
 J - 2 potions of brilliance
Comestibles
 c - 8 bread rations
 f - 2 fruits
 t - 5 meat rations
 y - 13 beef jerkies
 z - 3 slices of pizza


   Skills:
 * Level 14.9 Fighting
 * Level 15.0 Axes
 + Level 11.0 Armour
 + Level 10.1 Dodging


You had 11 spell levels left.
You didn't know any spells.

Dungeon Overview and Level Annotations

Branches:
Dungeon (13/15)            Temple (0/1) D:7            Lair (0/6) D:10
    Orc (0/2) D:9
 Vaults: D:13-14

Altars:
Cheibriados
Fedhas
Kikubaaqudgha
Nemelex Xobeh
Ru
Xom
Yredelemnul
The Shining One

Shops:
D:8 ?   D:9 (

Annotations:
D:13 Snorg


Innate Abilities, Weirdness & Mutations

You reflexively headbutt those who attack you in melee.
You have a pair of large horns on your head.
You are partially covered in slimy green scales. (AC +2)
You are partially covered in yellow scales. (AC +2)


Message History

* * * LOW HITPOINT WARNING * * *
You closely miss Snorg. You headbutt Snorg!
Snorg is severely wounded.
You hit the ice beast. You slash the hill giant!
Snorg completely misses you. x2
Snorg closely misses you.
The ice beast hits you but does no damage.
Unknown command.
You slice Snorg!!
Snorg is almost dead.
You slice the hill giant like a ripe choko!!!
You closely miss the ice beast. Snorg bites you but does no damage.
Snorg claws you!
* * * LOW HITPOINT WARNING * * *
Snorg claws you but does no damage.
The hill giant hits you with a giant club.
* * * LOW HITPOINT WARNING * * *
The ice beast barely misses you. You furiously retaliate!
You headbutt the ice beast, but do no damage.
Snorg bites you but does no damage. Snorg misses you. Snorg claws you!
You die...

.##...####
.##..)p..#.......#..
.####....# ......#.#
...##....# .......#
...##....# #......#
.........# #......
.........# #.....#
.....p#### #..TCY#
......##########@#
.((....#.........#
#(.....#.#########
....##...#
..#.###### #.#.#
#...# ##### #


You could see Snorg (berserk), a hill giant and an ice beast.

Vanquished Creatures
  Kirke (D:13)
  2 centaur warriors (D:11)
  Erica (D:8)
  A queen ant (D:11)
  An unseen horror (D:10)
  4 skeletal warriors (D:13)
  A hill giant (D:12)
  A deep elf mage (D:11)
  5 ugly things
  2 manticores
  2 cyclopes
  Joseph (D:8)
  Psyche (D:8)
  A spiny frog (D:10)
  2 centaur skeletons (D:12)
  A komodo dragon (D:13)
  Grinder (D:6)
  3 trolls
  A blink frog (D:10)
  3 slime creatures (D:12)
  2 two-headed ogres
  6 hippogriffs
  A wyvern (D:13)
  A shadow (D:12)
  A wraith (D:12)
  9 yaks
  Grum (D:8)
  A steam dragon (D:10)
  A basilisk (D:11)
  2 vampire mosquitoes (D:12)
  Menkaure (D:7)
  Edmund (D:6)
  8 soldier ants (D:11)
  A water moccasin (D:13)
  The ghost of Wardy the Magician, an amateur DECj (D:4)
  6 orc warriors
  3 sky beasts
  A black bear (D:13)
  2 ice beasts
  A phantom (D:10)
  2 wolves (D:8)
  5 ogres
  8 centaurs
  A crocodile (D:10)
  9 bullfrogs
  A water moccasin zombie (D:8)
  6 killer bees (D:9)
  7 wights
  4 howler monkeys
  2 centaur zombies
  A bullfrog zombie (D:13)
  5 crimson imps
  3 jellies
  8 hounds
  A quasit (D:6)
  9 orc priests
  A gnoll shaman (D:5)
  4 iguanas
  13 orc wizards
  34 worker ants
  A hound skeleton (D:10)
  A worker ant zombie (D:11)
  7 gnolls
  A howler monkey skeleton (D:11)
  12 adders
  A river rat (D:6)
  5 shadow imps
  6 oozes
  An adder skeleton (D:6)
  2 worms (D:2)
  3 dart slugs
  4 leopard geckos
  56 orcs
  3 ball pythons
  6 giant cockroaches
  6 goblins
  3 hobgoblins
  8 jackals
  10 kobolds
  5 quokkas
  A ball python zombie (D:5)
  7 bats
  2 frilled lizards
  2 kobold zombies (D:6)
  A leopard gecko zombie (D:7)
  2 orc skeletons (D:6)
  A quokka skeleton (D:5)
  13 rats
  A bush (D:5)
380 creatures vanquished.

Vanquished Creatures (others)
  2 humans (D:13)
  A hungry ghost (D:13)
  A mottled dragon (D:13)
  A big kobold (D:13)
  A bullfrog zombie (D:13)
  A bullfrog skeleton (D:13)
  A kobold (D:13)
8 creatures vanquished.

Grand Total: 388 creatures vanquished

Notes
Turn   | Place    | Note
-------+----------+-------------------------------------------
     0 | D:1      | tognito the Minotaur Berserker began the quest for the Orb.
     0 | D:1      | Reached XP level 1. HP: 19/19 MP: 0/0
    39 | D:1      | Reached skill level 4 in Axes
    39 | D:1      | Reached XP level 2. HP: 21/27 MP: 1/1
   595 | D:1      | Reached XP level 3. HP: 33/33 MP: 2/2
   656 | D:1      | Reached ** piety under Trog
  1201 | D:2      | Found a snail-covered altar of Cheibriados.
  1481 | D:2      | Reached XP level 4. HP: 40/40 MP: 3/3
  1481 | D:2      | Reached skill level 5 in Axes
  1586 | D:2      | Found an ancient bone altar of Kikubaaqudgha.
  2483 | D:3      | Noticed an ogre
  2489 | D:3      | Killed an ogre
  2489 | D:3      | Reached XP level 5. HP: 41/47 MP: 4/4
  2699 | D:3      | Reached skill level 5 in Fighting
  3076 | D:3      | Reached *** piety under Trog
  3281 | D:4      | Noticed Wardy's ghost (amateur DECj)
  3293 | D:4      | Killed Wardy's ghost
  3293 | D:4      | Reached skill level 6 in Axes
  3293 | D:4      | Reached XP level 6. HP: 56/56 MP: 5/5
  3442 | D:4      | Found a sparkling altar of Nemelex Xobeh.
  3537 | D:4      | Gained mutation: You are partially covered in slimy green scales. (AC +2) [potion of mutation]
  3537 | D:4      | Gained mutation: You are partially covered in yellow scales. (AC +2) [potion of mutation]
  3537 | D:4      | Gained mutation: You have a pair of large horns on your head. [potion of mutation]
  3720 | D:4      | You fall through a shaft for 2 floors!
  3739 | D:6      | Reached XP level 7. HP: 63/63 MP: 6/6
  3742 | D:6      | Noticed Edmund
  3762 | D:6      | Killed Edmund
  3778 | D:5      | Entered Level 5 of the Dungeon
  3786 | D:5      | Reached skill level 7 in Axes
  3825 | D:5      | Found a blossoming altar of Fedhas.
  4193 | D:4      | Got a jewelled ring mail
  4396 | D:4      | Reached skill level 5 in Armour
  4493 | D:5      | Reached XP level 8. HP: 73/73 MP: 7/7
  4933 | D:5      | Reached skill level 8 in Axes
  5077 | D:5      | Identified the cursed +1 ring mail of Idauv {+Blink Str+3 Int-2} (You found it on level 4 of the Dungeon)
  5181 | D:6      | Reached **** piety under Trog
  5271 | D:6      | Noticed Grinder
  5283 | D:6      | Killed Grinder
  5503 | D:6      | Reached skill level 9 in Axes
  5503 | D:6      | Reached skill level 5 in Dodging
  5538 | D:6      | Found a glowing golden altar of the Shining One.
  6433 | D:7      | Found a sacrificial altar of Ru.
  6481 | D:7      | Reached XP level 9. HP: 66/82 MP: 8/8
  6576 | D:7      | Found a staircase to the Ecumenical Temple.
  6637 | D:7      | Noticed Menkaure
  6645 | D:7      | Killed Menkaure
  7124 | D:8      | Noticed a cyclops
  7170 | D:8      | Killed a cyclops
  7170 | D:8      | Reached skill level 10 in Fighting
  7170 | D:8      | Reached skill level 10 in Axes
  7378 | D:8      | Noticed Psyche
  7392 | D:8      | Killed Psyche
  7393 | D:8      | Found Maxoiphu's Magic Scroll Shop.
  7428 | D:8      | Noticed Joseph
  7432 | D:8      | Noticed Grum
  7447 | D:8      | Killed Joseph
  7447 | D:8      | Reached XP level 10. HP: 31/94 MP: 9/9
  7449 | D:8      | Killed Grum
  7449 | D:8      | Reached skill level 11 in Axes
  7689 | D:8      | Noticed Erica
  7709 | D:8      | Killed Erica
  8279 | D:9      | Got a transparent plate armour
  8297 | D:9      | Identified the +1 plate armour of Dim Light {Regen+ Str-3 Int+4 Dex+4} (You found it on level 9 of the Dungeon)
  8385 | D:9      | Got a topaz-encrusted chain mail
  8396 | D:9      | Identified the +5 chain mail "Meclocoo" {+Fly MR++} (You found it on level 9 of the Dungeon)
  8442 | D:9      | Found a shimmering altar of Xom.
  8456 | D:9      | Received a gift from Trog
  8672 | D:9      | Found a staircase to the Orcish Mines.
  8682 | D:9      | Reached ***** piety under Trog
  8702 | D:9      | Received a gift from Trog
  8837 | D:9      | Found a basalt altar of Yredelemnul.
  9064 | D:9      | Found Dimamnie's Weapon Shop.
  9183 | D:10     | Entered Level 10 of the Dungeon
  9197 | D:10     | Killed an unseen horror
  9197 | D:10     | Reached skill level 12 in Axes
  9330 | D:10     | Reached XP level 11. HP: 93/104 MP: 10/10
  9622 | D:10     | Found a staircase to the Lair.
 10672 | D:11     | Noticed a queen ant
 10680 | D:11     | Killed a queen ant
 10680 | D:11     | Reached skill level 13 in Axes
 10866 | D:11     | Noticed a cyan ugly thing
 10876 | D:11     | Killed a cyan ugly thing
 10905 | D:11     | Noticed a deep elf mage
 10908 | D:11     | Noticed a centaur warrior
 10912 | D:11     | Noticed a centaur warrior
 10913 | D:11     | Killed a deep elf mage
 10915 | D:11     | Killed a centaur warrior
 10919 | D:11     | Killed a centaur warrior
 11441 | D:12     | Noticed a hill giant
 11450 | D:12     | Killed a hill giant
 11450 | D:12     | Reached XP level 12. HP: 47/115 MP: 11/11
 11851 | D:12     | Received a gift from Trog
 11891 | D:12     | Reached skill level 10 in Armour
 12043 | D:12     | Reached skill level 14 in Axes
 13231 | D:13     | Noticed Kirke
 13238 | D:13     | Killed Kirke
 13238 | D:13     | Reached skill level 10 in Dodging
 13628 | D:13     | Reached skill level 15 in Axes
 13677 | D:13     | Noticed Snorg
 13678 | D:13     | Reached ****** piety under Trog
 13687 | D:13     | HP: 6/177 [Snorg (10)]
 13687 | D:13     | HP: 1/177 [hill giant/giant club (5)]
 13687 | D:13     | Demolished by Snorg

Skill      XL: |  1  2  3  4  5  6  7  8  9 10 11 12 |
---------------+-------------------------------------+-----
Axes           | 4 5 6 7 9 10 12 13 15 | 15.0
Fighting       | 4 5 6 7 8 10 12 13 14 | 14.9
Armour         | 3 4 5 6 7 8 9 11 | 11.0
Dodging        | 3 4 5 6 7 9 10 | 10.1

Action                   |  1- 3 |  4- 6 |  7- 9 | 10-12 || total
-------------------------+-------+-------+-------+-------++-------
Melee: Hand axe          |    81 |   103 |   300 |    39 ||   523
       Headbutt          |     9 |    24 |    70 |   110 ||   213
       Battleaxe         |       |       |       |   205 ||   205
       War axe           |       |       |       |    17 ||    17
       Lajatang          |       |       |       |    86 ||    86
       Executioner's axe |       |       |       |   124 ||   124
Throw: Javelin           |     4 |    10 |     1 |       ||    15
Invok: Trog's Hand       |       |     1 |     2 |       ||     3
       Berserk           |       |       |     3 |     4 ||     7
       Burn Spellbooks   |       |       |     1 |     2 ||     3
Evoke: Rod               |       |       |     2 |       ||     2
  Use: Potion            |     3 |     3 |     6 |     2 ||    14
       Scroll            |       |       |    13 |     2 ||    15
 Stab: Paralysed         |       |       |     1 |       ||     1
  Eat: Chunk             |     2 |     7 |    15 |    26 ||    50
       Fruit             |       |       |       |     2 ||     2
Armor: Scale mail        |    21 |    46 |   143 |    10 ||   220
       Animal skin       |     1 |       |       |       ||     1
       Ring mail         |       |       |    14 |       ||    14
       Chain mail        |       |       |       |   294 ||   294
       Plate armour      |       |       |       |     9 ||     9
Dodge: Dodged            |    48 |    70 |   220 |   351 ||   689
